 Dungeon Crawl Stone Soup version 0.28.0 (webtiles) character file.

Game seed: 6226218190311456964

136 croobank the Insei (level 5, 0/25 HPs)
             Began as a Vine Stalker Transmuter on Feb 5, 2022.
             Was a Believer of Wu Jian.
             Slain by an iguana (8 damage)
             ... on level 3 of the Dungeon.
             The game lasted 00:09:58 (2590 turns).

croobank the Insei (Vine Stalker Transmuter)        Turns: 2590, Time: 00:09:59

Health: 0/25       AC:  2    Str: 12    XL:     5   Next: 19%
Magic:  0/10       EV: 12    Int: 15    God:    Wu Jian [**....]
Gold:   111        SH:  0    Dex: 21    Spells: 1/10 levels left

rFire   . . .      SeeInvis .     - Unarmed
rCold   . . .      Faith    .   (no shield)
rNeg    . . .      Spirit   +   d - +0 robe
rPois   .          Reflect  .   (helmet currently unavailable)
rElec   .          Harm     .   (no cloak)
rCorr   .          Rampage  .   (no gloves)
Will    .....                   (boots currently unavailable)
Stlth   ++........              (no amulet)
HPRegen 0.88/turn               h - +6 ring of dexterity
MPRegen 0.12/turn               (no ring)

@: appendages (expiring)
A: horns 2, talons 2, fangs 2, regeneration 1, magic shield, antimagic bite, no
potion heal 2
a: End Transformation, Renounce Religion, Wall Jump


You were on level 3 of the Dungeon.
You worshipped Wu Jian.
Wu Jian was pleased with you.
You had temporarily grown beastly horns and talons.
You visited 1 branch of the dungeon, and saw 3 of its levels.

You collected 111 gold pieces.

Inventory:

Hand Weapons
 a - a +0 whip
Missiles
 c - 111 stones
 g - 6 boomerangs (quivered)
Armour
 d - a +0 robe (worn)
 e - a +0 scale mail
Jewellery
 h - a +6 ring of dexterity (left hand)
Scrolls
 f - a scroll of holy word {unknown}
 i - 2 scrolls of magic mapping
 l - a scroll of immolation {unknown}
 n - a scroll of amnesia {unknown}
 o - a scroll of brand weapon {unknown}
 p - a scroll of noise {unknown}
 r - a scroll of teleportation {unknown}
Potions
 b - a potion of might
 j - 2 potions of flight
 k - a potion of curing {unknown}
 m - a potion of resistance {unknown}


   Skills:
 + Level 1.0 Fighting
 + Level 1.9 Dodging
 + Level 0.3 Stealth
 + Level 4.0 Unarmed Combat
 + Level 3.1 Spellcasting
 * Level 0.8 Conjurations
 + Level 2.6 Transmutations
 * Level 1.0 Earth Magic
 * Level 1.0 Poison Magic


You had one spell level left.
You knew the following spells:

 Your Spells              Type           Power      Damage    Failure   Level
a - Beastly Appendage     Tmut           20%        N/A       7%          1
b - Wereblood             Tmut           10%        N/A       11%         2
c - Spider Form           Tmut/Pois      7%         N/A       28%         3
d - Stone Arrow           Conj/Erth      10%        3d7       36%         3

Your spell library contained the following spells:

 Spells                   Type           Power      Damage    Failure   Level
 Sandblast                Erth           10%        2d5       13%         1
 Passwall                 Tmut/Erth      5%         N/A       14%         2
 Sublimation of Blood     Necr           2%         N/A       30%         2
 Gell's Gravitas          Tloc           2%         N/A       52%         3
 Teleport Other           Tloc           2%         N/A       52%         3
 Ice Form                 Ice/Tmut       6%         N/A       75%         4
 Animate Dead             Necr           1%         N/A       89%         4
 Borgnjor's Vile Clutch   Necr/Erth      1%         N/A       99%         5
 Death Channel            Necr           1%         N/A       100%        6
 Dispersal                Tloc           1%         N/A       100%        6
 Summon Hydra             Summ           1%         N/A       100%        7


Dungeon Overview and Level Annotations

Branches:
Dungeon (3/15)

Altars:
Nemelex Xobeh
Wu Jian


Innate Abilities, Weirdness & Mutations

You have temporarily grown beastly horns and talons.
You have extremely sharp teeth.
Your natural rate of healing is unusually fast.
When hurt, damage is shared between your health and your magic reserves.
Your bite disrupts and absorbs the magic of your enemies.
Potions cannot restore your health.


Message History

The orc shouts!
You hit the adder. You claw the adder. You headbutt the adder.
You bite the adder.
You kill the adder!
The Council accepts your kill. The endoplasm barely misses you.
Your Poison Magic skill increases to level 1!
You hit the endoplasm but do no damage. You claw the endoplasm.
You bite the endoplasm.
You kill the endoplasm!
The Council accepts your kill.
Your Unarmed Combat skill increases to level 4!
You hit the rat.
You kill the rat!
The Council accepts your kill.
You hit the iguana. Your punch misses the iguana.
The iguana is lightly wounded.
The iguana barely misses you.
You hit the iguana. Your kick misses the iguana. You headbutt the iguana.
The iguana is severely wounded.
A hobgoblin comes into view.
The iguana bites you!
The hobgoblin shouts!
You hit the iguana but do no damage. Your kick misses the iguana.
You bite the iguana, but do no damage.
The iguana is severely wounded.
The iguana bites you but does no damage.
You closely miss the iguana.
The iguana is severely wounded.
Your transformation is almost over.
The iguana bites you!
An orc comes into view. It is wielding a +0 hand axe.
You hit the iguana. You claw the iguana, but do no damage.
The iguana is severely wounded.
The iguana bites you.
You hit the iguana but do no damage. Your kick misses the iguana.
Your bite misses the iguana.
The iguana is severely wounded.
The orc hits you with a +0 club. The iguana bites you!
You die...

##.**.#*,.#,,,,,,,#.##.#
...,,,.,,,#.......#....#
##.,,*##*,#.o.....##.###
***,****,#...⌠...##.#
*,,,,,,,#.......##.#
*,,***,*#..g....##.#
*,,***,*#.......##.##
*,,,,*,*#....l†.#.#.##
*,**,*,*#....o@.####.##
*,**,*,*#.......# ##.##
*,,,,,,*#......)# ##.#
****,***#.#...#.# ##.##
*,***#*##.#######.##
*,**,* #.#.# #.#.##
****,*,*####.#####.##
*,,,,,**#..)#...##.#
*,**,** #..#.#..##.#


You could see an iguana, 2 orcs and a hobgoblin.

Vanquished Creatures
  Jessica (D:3)
  2 adders (D:3)
  2 worms
  3 dart slugs
  4 orcs (D:3)
  9 endoplasms
  12 goblins
  8 hobgoblins
  2 jackals (D:2)
  A quokka (D:3)
  9 ball pythons
  4 bats
  5 frilled lizards
  5 kobolds (D:1)
  6 rats
73 creatures vanquished.

Vanquished Creatures (others)
  4 plants (D:1)
4 creatures vanquished.

Grand Total: 77 creatures vanquished

Notes
Turn   | Place    | Note
-------+----------+-------------------------------------------
     0 | D:1      | croobank the Vine Stalker Transmuter began the quest for
                  | the Orb.
     0 | D:1      | Reached XP level 1. HP: 9/9 MP: 4/4
   316 | D:1      | Reached XP level 2. HP: 14/14 MP: 4/6
   319 | D:1      | Learned a level 2 spell: Wereblood
   478 | D:1      | Reached skill level 1 in Fighting
  1008 | D:1      | Found a faded altar of an unknown god.
  1024 | D:1      | Reached XP level 3. HP: 18/18 MP: 5/7
  1043 | D:1      | Prayed at the altar of an unknown god.
  1043 | D:1      | Became a worshipper of the Wu Jian Council
  1043 | D:1      | Reached * piety under Wu Jian
  1856 | D:2      | Learned a level 3 spell: Spider Form
  1910 | D:2      | Gained mutation: Your natural rate of healing is unusually
                  | fast. [Vine Stalker growth]
  1910 | D:2      | Reached XP level 4. HP: 20/22 MP: 4/9
  1964 | D:2      | Reached ** piety under Wu Jian
  2023 | D:2      | Learned a level 3 spell: Stone Arrow
  2167 | D:3      | Noticed Jessica
  2171 | D:3      | Killed Jessica
  2293 | D:3      | Found a sparkling altar of Nemelex Xobeh.
  2411 | D:3      | Reached XP level 5. HP: 25/25 MP: 8/10
  2532 | D:3      | Reached skill level 1 in Earth Magic
  2583 | D:3      | Reached skill level 1 in Poison Magic
  2584 | D:3      | Reached skill level 4 in Unarmed Combat
  2590 | D:3      | Slain by an iguana

Illustrated notes

Levels and vault maps discovered:
D:1:      roderic_crop_circles_arrival_small, layout_rooms, serial_forest,
          infiniplex_forest_corner_1, infiniplex_forest_straight_3,
          infiniplex_forest_end_3, infiniplex_forest_straight_4,
          infiniplex_forest_zigzag_1, infiniplex_forest_3_way,
          infiniplex_forest_clump_long, shapermc_ecumenical_altar_gd
D:2:      layout_rooms, kennysheep_boxes
D:3:      layout_loops_cross, nemelex_dance_club_becter, wad_rectangle_vault,
          uniq_jessica

Skill      XL: |  1  2  3  4  5 |
---------------+----------------+-----
Fighting       | 1 |  1.0
Spellcasting   | 3 |  3.1
Earth Magic    | 1 |  1.0
Poison Magic   | 1 |  1.0
Unarmed Combat | 4 |  4.0
Dodging        | |  1.9
Stealth        | |  0.3
Conjurations   | |  0.8
Transmutations | |  2.6

Action                   |  1- 3 |  4- 6 || total
-------------------------+-------+-------++-------
Melee: Unarmed           |   114 |    48 ||   162
       Bite              |    27 |    13 ||    40
       Kick              |    18 |    17 ||    35
       Headbutt          |    13 |     8 ||    21
       Punch             |     5 |     1 ||     6
 Cast: Beastly Appendage |    27 |    13 ||    40
       Wereblood         |     1 |     1 ||     2
Invok: Lunge             |     6 |     7 ||    13
       Whirlwind         |     1 |     5 ||     6
  Use: Scroll            |       |     3 ||     3
 Stab: Sleeping          |       |     5 ||     5
Armor: Robe              |    16 |     4 ||    20
Dodge: Dodged            |    63 |    23 ||    86
